 Dungeon Crawl Stone Soup version 0.28.0-53-g5a82cb258f (webtiles) character file.

Game seed: 16269869830210738386

11 Holzbalken the Chopper (level 2, -4/22 HPs)
             Began as a Demonspawn Gladiator on June 1, 2022.
             Splashed by a jelly's acid (10 damage)
             ... on level 5 of the Dungeon.
             The game lasted 00:01:43 (539 turns).

Holzbalken the Chopper (Demonspawn Gladiator)        Turns: 539, Time: 00:01:44

Health: -4/22      AC:  1    Str: 14    XL:     2   Next: 17%
Magic:  2/2        EV: 11    Int:  9    God:
Gold:   39         SH:  0    Dex: 14    Spells: 1/1 levels left

rFire   . . .      SeeInvis .   a - +0 war axe
rCold   . . .      Faith    .   (no shield)
rNeg    . . .      Spirit   .   e - +0 ring mail
rPois   .          Reflect  .   (helmet restricted)
rElec   .          Harm     .   (no cloak)
rCorr   .          Rampage  .   (no gloves)
Will    .....                   (no boots)
Stlth   +.........              (no amulet)
HPRegen 0.07/turn               (no ring)
MPRegen 0.08/turn               (no ring)

@: corroded
A: antennae 1
a: no special abilities


You were on level 5 of the Dungeon.
You visited 1 branch of the dungeon, and saw 5 of its levels.

You collected 39 gold pieces.

Inventory:

Hand Weapons
 a - a +0 war axe (weapon)
Missiles
 d - 3 throwing nets (quivered)
Armour
 b - a +0 leather armour
 c - a +0 helmet
 e - a +0 ring mail (worn)
Scrolls
 f - 2 scrolls of identify {unknown}
 g - a scroll of teleportation {unknown}


   Skills:
 - Level 2.0 Fighting
 + Level 3.3 Axes
 - Level 1.7 Throwing
 - Level 2.6 Dodging


You had one spell level left.
You didn't know any spells.
Your spell library contained the following spells:

 Spells                   Type           Power      Damage    Failure   Level
 Gell's Gravitas          Tloc           0%         N/A       94%         3
 Teleport Other           Tloc           0%         N/A       94%         3
 Dispersal                Tloc           0%         N/A       100%        6


Dungeon Overview and Level Annotations

Branches:
Dungeon (5/15)
 Temple: D:4-7

Altars:
Cheibriados
Fedhas

Shops:
D:3 ?


Innate Abilities, Weirdness & Mutations

You have a pair of small antennae on your head.


Message History

You hit the endoplasm. You hit the frilled lizard.
The frilled lizard barely misses you.
The giant cockroach bites you but does no damage.
The endoplasm freezes you.
You are frozen.
You slash the giant cockroach!
You kill the giant cockroach!
You hit the endoplasm. You closely miss the frilled lizard.
The frilled lizard barely misses you. The endoplasm hits you.
The orc hits you with a +0 short sword. The frilled lizard closely misses you.
The orc hits you but does no damage. The frilled lizard barely misses you.
The frilled lizard closely misses you.
There is a stone staircase leading down here.
You can't go up here!
The orc barely misses you. The endoplasm barely misses you.
The frilled lizard barely misses you.
You climb downwards.
Found 19 bolts and 16 gold pieces.
There is a stone staircase leading up here.
The endoplasm freezes you.
You are frozen.
The frilled lizard bites you but does no damage.
The orc misses you.
The frilled lizard bites you but does no damage.
Found an escape hatch in the floor.
A goblin comes into view. It is wielding a +0 club.
The goblin shouts!
There is an escape hatch in the floor here.
You can't go up here!
The endoplasm freezes you.
You are frozen.
You slide downwards.
The hatch slams shut behind you.
Found 52 gold pieces.
Found a snail-covered altar of Cheibriados.
A howler monkey skeleton comes into view.
The jelly hits you but does no damage. The jelly hits you.
* * * LOW HITPOINT WARNING * * *
The acid corrodes you!
You are splashed with acid!
You die...

..# ...##
...#.#Z..#
.....#...####
............#
............#
............# # .
............#....
.........@....#
.#.....JJ........
........###+###..
.##.###.#.....#..
.. #.#.$...#.. ..
#.#$$_..#..
#.#$$...#..
..#.....#.
..#######


You could see a jelly, an endoplasm and a howler monkey skeleton.

Vanquished Creatures
  An endoplasm (D:1)
  2 giant cockroaches
  A goblin (D:1)
  3 hobgoblins (D:1)
  A bat (D:3)
  A frilled lizard (D:1)
  A rat (D:1)
10 creatures vanquished.

Notes
Turn   | Place    | Note
-------+----------+-------------------------------------------
     0 | D:1      | Holzbalken the Demonspawn Gladiator began the quest for the
                  | Orb.
     0 | D:1      | Reached XP level 1. HP: 16/16 MP: 1/1
   126 | D:1      | Reached skill level 3 in Axes
   280 | D:1      | Gained mutation: You have a pair of small antennae on your
                  | head. [demonic ancestry]
   280 | D:1      | Reached XP level 2. HP: 22/22 MP: 2/2
   456 | D:3      | Found a blossoming altar of Fedhas.
   505 | D:3      | Found Anyur's Magic Scroll Emporium.
   534 | D:5      | Entered Level 5 of the Dungeon
   534 | D:5      | Found a snail-covered altar of Cheibriados.
   539 | D:5      | Splashed by a jelly's acid

Illustrated notes

Levels and vault maps discovered:
D:1:      zelgadis_glass_arrival_small, layout_rooms,
          ebering_ecumenical_altar_abandoned, minmay_tromino_i4
D:2:      layout_basic
D:3:      layout_rooms, fedhas_altar_1, serial_shops, nicolae_shop_hallway_plus,
          nicolae_diamond_shop, nicolae_lakefront_shop, shop, uniq_sigmund,
          uniq_terence
D:4:      layout_layer_cave, minmay_strange_pillars
D:5:      layout_rooms, amcnicky_altar_gilded, minmay_temple_entry_poolview,
          uniq_crazy_yiuf_cottage

Skill      XL: |  1 |
---------------+----+-----
Axes           | 3 |  3.3
Fighting       | |  2.0
Throwing       | |  1.7
Dodging        | |  2.6

Action                   || total
-------------------------++-------
Melee: War axe           ||    28
       Punch             ||     1
Armor: Ring mail         ||    39
       Leather armour    ||     3
Dodge: Dodged            ||    43
